 Dungeon Crawl Stone Soup version 0.23-a0-837-ga3e6480 (webtiles) character file.

30434 tidbits the Zephyrmancer (level 13, 9/98 HPs)
             Began as a Gnoll Wanderer on Jan 23, 2019.
             Was the Champion of Cheibriados.
             Quit the game on level 1 of the Swamp on Jan 24, 2019.
             The game lasted 01:17:11 (4495 turns).

tidbits the Zephyrmancer (Gnoll Wanderer)           Turns: 4495, Time: 01:17:12

Health: 9/98       AC: 14    Str: 33    XL:     13   Next: 51%
Magic:  20/25      EV: 21    Int: 40    God:    Cheibriados [******]
Gold:   303        SH: 12    Dex: 30    Spells: 12/28 levels left

rFire    . . .     SeeInvis .   b - +5 long sword "Puxy" {pain, Int+5 Dex+4}
rCold    . . .     Gourm    .   D - +2 buckler
rNeg     . . .     Faith    .   B - +1 ring mail {MR+}
rPois    .         Spirit   .   E - +1 helmet
rElec    .         Reflect  +   C - +2 cloak
rCorr    .         Harm     .   G - +0 pair of gloves
MR       +....                  (no boots)
Stlth    ++++......             y - +2 amulet of reflection
HPRegen  0.26/turn              (no ring)
MPRegen  0.19/turn              (no ring)

@: lethally poisoned (9 -> -13), very slow
A: distributed training, fangs 1, strong nose
a: Bend Time, Temporal Distortion, Slouch, Step From Time, Renounce Religion


You were on level 1 of the Swamp.
You worshipped Cheibriados.
Cheibriados was exalted by your worship.
You were not hungry.

You visited 4 branches of the dungeon, and saw 18 of its levels.

You collected 341 gold pieces.
You spent 38 gold pieces at shops.

Inventory:

Hand Weapons
 a - a +2 dagger of draining
   (You took it off an orc on level 3 of the Dungeon)
 b - the +5 long sword "Puxy" (weapon) {pain, Int+5 Dex+4}
   (You found it on level 2 of the Lair of Beasts)

   In the hands of one skilled in necromantic magic, it inflicts extra damage on
   living creatures.
   It affects your intelligence (+5).
   It affects your dexterity (+4).
 c - a +0 hunting sling
 g - a +0 blowgun
 x - a +0 broad axe
 J - a +0 morningstar
 L - a +0 trident of flaming
   (You took it off an orc warrior on level 8 of the Dungeon)
 M - a +0 short sword of electrocution
   (You took it off a spriggan on level 6 of the Lair of Beasts)
 P - the +9 quarterstaff "Paovapn" {crush, MR+}
   (You found it on level 6 of the Lair of Beasts)

   It inflicts extra damage upon your enemies.
   It affects your resistance to hostile enchantments.
 R - a +2 longbow of flaming
   (You found it on level 4 of the Lair of Beasts)
Missiles
 m - 25 sling bullets
 n - a throwing net {!f}
 p - 4 tomahawks (quivered)
 w - 6 poisoned javelins
 z - 37 bolts
 F - 7 javelins
 H - 44 arrows
Armour
 s - a +1 robe of cold resistance
   (You took it off a spriggan on level 6 of the Lair of Beasts)
 B - a +1 ring mail of magic resistance (worn)
   (You found it on level 4 of the Dungeon)
 C - a +2 cloak (worn)
 D - a +2 buckler (worn)
 E - a +1 helmet (worn)
 G - a +0 pair of gloves (worn)
 S - a cursed +0 robe
Magical Staves
 l - an uncursed staff of earth
   (You found it on level 8 of the Dungeon)
 O - an uncursed staff of power {!a}
   (You took it off a boggart on level 6 of the Lair of Beasts)
Jewellery
 y - a +2 amulet of reflection (around neck)
   (You found it on level 8 of the Dungeon)
Wands
 j - a wand of iceblast (4)
 u - a wand of acid (3)
 A - a wand of flame (14)
 I - a wand of clouds (4)
Scrolls
 h - 2 scrolls of magic mapping
 i - a scroll of identify
 k - 2 scrolls of enchant weapon
 q - a scroll of immolation {!r}
 r - 2 scrolls of remove curse
 t - 2 scrolls of teleportation
 N - a scroll of amnesia
 Q - a scroll of random uselessness
 T - a scroll of fog
Potions
 e - 2 potions of curing
 o - a potion of brilliance
 v - 5 potions of agility
 K - a potion of invisibility
Comestibles
 f - 12 rations


   Skills:
 + Level 8.2 Fighting
 + Level 8.7 Short Blades
 + Level 8.2 Long Blades
 + Level 8.2 Axes
 + Level 8.2 Maces & Flails
 + Level 8.2 Polearms
 + Level 8.2 Staves
 + Level 8.2 Slings
 + Level 8.2 Bows
 + Level 8.2 Crossbows
 + Level 8.7 Throwing
 + Level 8.2 Armour
 + Level 8.7 Dodging
 + Level 9.3 Stealth
 + Level 8.2 Shields
 + Level 8.2 Unarmed Combat
 + Level 8.2 Spellcasting
 + Level 6.8 Conjurations
 + Level 6.8 Hexes
 + Level 6.8 Charms
 + Level 6.8 Summonings
 + Level 6.8 Necromancy
 + Level 6.8 Translocations
 + Level 6.8 Transmutations
 + Level 6.8 Fire Magic
 + Level 6.8 Ice Magic
 + Level 11.0 Air Magic
 + Level 6.8 Earth Magic
 + Level 6.8 Poison Magic
 + Level 9.0 Invocations
 + Level 8.2 Evocations


You had 12 spell levels left.
You knew the following spells:

 Your Spells              Type           Power        Failure   Level  Hunger
a - Shock                 Conj/Air       ####         1%          1    None
c - Conjure Flame         Conj/Fire      ######..     1%          3    None
d - Static Discharge      Conj/Air       ######..     1%          3    None
f - Fireball              Conj/Fire      ######....   4%          5    ###....
t - Sticky Flame          Conj/Fire      ######..     1%          4    None

Your spell library contained the following spells:

 Spells                   Type           Power        Failure   Level  Hunger
 Flame Tongue             Conj/Fire      #####        1%          1    None
 Throw Flame              Conj/Fire      ######       1%          2    None
 Inner Flame              Hex/Fire       ######..     1%          3    None


Dungeon Overview and Level Annotations

Branches:
Dungeon (10/15)            Temple (1/1) D:4            Lair (6/6) D:9
  Swamp (1/4) Lair:4
  Snake: Lair:2-4    Spider: Lair:2-4     Slime: Lair:5-6       Orc: D:9-12

Altars:
Cheibriados
Dithmenos
Fedhas
Gozag
Hepliaklqana
Makhleb
Nemelex Xobeh
Okawaru
Ru
Sif Muna
Uskayaw
Vehumet
Wu Jian
Yredelemnul
Zin
Beogh

Shops:
D:5 ?

Annotations:
Lair:1 1 transporter, exclusion: blink frog
Lair:3 Spider, 1 runed door, exclusions: basilisk and player ghost, Plog's ghost, journeyman MiBe
Lair:5 Slime, exclusion: slime creature


Innate Abilities, Weirdness & Mutations

Your experience applies equally to all skills.
You have very sharp teeth.
Your uncanny sense of smell can sniff out nearby items.


Message History

The vampire mosquito barely misses you.
The vampire mosquito completely misses you.
You hit the vampire mosquito.
The vampire mosquito is almost destroyed.
The vampire mosquito burns!
You destroy the vampire mosquito!
Cheibriados thoroughly appreciates the change of pace.
Found 3 gold pieces.
You see here a vampire mosquito corpse.
You feel sick.
You are no longer poisoned.
You float gracefully downwards.
Splash!
You fall into the shallow water.
Moving in this stuff is going to be slow.
You enter the shallow water.
Moving in this stuff is going to be slow.
You enter the shallow water.
Moving in this stuff is going to be slow.
You enter the shallow water.
Moving in this stuff is going to be slow.
You see here 3 gold pieces.
You enter the shallow water.
Moving in this stuff is going to be slow.
Why would you want to do that?
A swamp dragon comes into view.
Unknown command.
Evoke which item? (* to show all) (? for menu, Esc to quit)
Aiming: Throw Flame
Press: ? - help, Shift-Dir - straight line, f - swamp dragon
Aim: a swamp dragon (water, hasn't noticed you)
The puff of flame hits the swamp dragon.
The swamp dragon is lightly wounded.
The swamp dragon roars deafeningly!
You hear a chilling moan.
The swamp dragon is engulfed in a cloud of scalding steam.
Evoke which item? (* to show all) (? for menu, Esc to quit)
Aiming: Throw Flame
Press: ? - help, Shift-Dir - straight line, f/p - swamp dragon
Aim: a swamp dragon (steam, water, lightly wounded)
The puff of flame hits the swamp dragon!
The swamp dragon is lightly wounded.
Evoke which item? (* to show all) (? for menu, Esc to quit)
Aiming: Throw Flame
Press: ? - help, Shift-Dir - straight line, f/p - swamp dragon
Aim: a swamp dragon (steam, water, lightly wounded)
The puff of flame hits the swamp dragon.
The swamp dragon is moderately wounded.
The swamp dragon is engulfed in a cloud of scalding steam.
Unknown command.
The swamp dragon breathes poison at you.
The blast of poison misses you.
You hear a chilling moan. x4; You hear an angry buzzing noise.
Unknown command.
Casting: Sticky Flame (safe; 1% risk of failure)
Confirm with . or Enter, or press ? or * to list all spells.
Aiming: Sticky Flame (safe; 1% risk of failure)
Press: ? - help, Shift-Dir - straight line, f/p - swamp dragon
Aim: a swamp dragon (poison gas, moderately wounded, catching its breath)
The sticky flame hits the swamp dragon.
The swamp dragon is moderately wounded.
The swamp dragon is covered in liquid flames!
You are engulfed in poison gas.
You are poisoned.
* * * LOW HITPOINT WARNING * * *
You feel sick.
The swamp dragon burns!
The swamp dragon bites you!
* * * LOW HITPOINT WARNING * * *
The swamp dragon completely misses you. The swamp dragon misses you.
You feel better.
You are engulfed in poison gas.
You are poisoned.
* * * LOW HITPOINT WARNING * * *
You feel sick.
The swamp dragon burns!
The swamp dragon breathes poison at you.
The blast of poison misses you.
You hear a chilling moan.
You hear a shout!
Unknown command.
You hit the swamp dragon.
The swamp dragon writhes in agony.
The swamp dragon is severely wounded.
You are engulfed in poison gas.
You are more poisoned.
* * * LOW HITPOINT WARNING * * *
You feel sick.
The swamp dragon burns!
The swamp dragon barely misses you.
You riposte.
You completely miss the swamp dragon.
You bite the swamp dragon, but do no damage.
The swamp dragon is severely wounded.
The swamp dragon barely misses you. You block the swamp dragon's attack.
You slash the swamp dragon!
The swamp dragon writhes in agony.
Your bite misses the swamp dragon.
The swamp dragon is almost dead.
You are engulfed in poison gas.
You are lethally poisoned!
* * * LOW HITPOINT WARNING * * *
x2 You feel sick.
The swamp dragon burns!
You kill the swamp dragon!
Cheibriados appreciates the change of pace.
Really walk into that cloud of poison gas?
Okay, then.
* * * LOW HITPOINT WARNING * * *
You feel very sick.
An insubstantial wisp comes into view.
Are you sure you want to abandon this character and quit the game? (Confirm with "yes".)

♣♣♣♣♣ ♣♣♣♣♣♣♣ ♣ ♣♣...♣♣
♣♣♣♣♣..≈≈≈♣♣♣ ♣♣.≈≈≈≈♣
♣♣♣♣♣♣♣♣≈♣.≈≈≈.$≈≈.. ♣♣♣♣≈.≈≈≈.♣
♣≈..≈♣♣...≈≈≈≈≈≈≈≈≈♣
.....≈≈..≈♣♣♣ ♣..≈.....≈≈≈≈≈≈≈≈≈≈
...>≈≈≈≈....♣ ♣♣@...≈≈...≈≈.≈≈≈..
.≈≈.♣≈≈≈≈...♣♣≈♣♣♣v.≈≈≈....≈♣♣♣♣♣
≈≈.♣♣...≈≈.♣≈..♣♣...≈......♣♣♣♣♣.
...♣≈....≈.≈≈.....≈≈≈.≈≈..♣♣ ♣...
≈≈..≈≈.........D≈≈≈≈≈....♣♣ ♣♣..≈
≈≈≈≈≈≈≈.≈≈..≈§≈≈≈≈.....♣♣♣♣♣♣...≈
.≈≈≈≈≈≈≈≈≈≈.v≈≈≈≈≈≈≈..♣♣ ♣...≈≈≈
§≈≈...≈≈≈≈≈≈≈≈≈...≈...♣ ♣♣♣♣..≈≈≈
≈≈≈≈.≈♣≈.≈≈.≈≈.≈♣♣v ♣§♣...≈≈≈


You could see an insubstantial wisp (wandering).

Vanquished Creatures
  A very ugly thing (Swamp:1)
  3 hydras
  An alligator (Swamp:1)
  A death yak (Lair:5)
  13 spriggans
  A swamp dragon (Swamp:1)
  Pikel (D:6)
  3 elephants (Lair:6)
  Maurice (D:9)
  A black mamba (Lair:4)
  A torpor snail (Lair:5)
  8 spiny frogs
  2 komodo dragons
  2 rime drakes
  3 polar bears (Lair:6)
  2 tyrant leeches (Swamp:1)
  7 hornets
  4 hippogriffs
  2 dream sheep (Lair:6)
  A blink frog (Lair:1)
  2 bog bodies (Swamp:1)
  A shadow (Swamp:1)
  26 yaks
  3 wyverns
  3 basilisks
  7 vampire mosquitoes
  3 insubstantial wisps (Swamp:1)
  4 swamp worms
  7 water moccasins
  5 porcupines
  A swamp drake (Swamp:1)
  2 ice beasts (D:8)
  4 black bears (Lair:6)
  An orc warrior (D:8)
  A slave (D:6)
  21 wolves
  2 ogres
  4 boggarts (Lair:6)
  3 phantoms
  2 crocodiles
  10 bullfrogs
  A scorpion (D:6)
  6 killer bees (D:7)
  A howler monkey (D:8)
  4 jellies
  An orc priest (D:8)
  4 iguanas
  7 worker ants
  A worker ant zombie (D:9)
  9 adders
  4 gnolls (D:9)
  6 oozes
  2 adder skeletons
  A worm (D:3)
  28 orcs
  3 bats
  3 giant cockroaches (D:3)
  A goblin (D:3)
  2 hobgoblins (D:3)
  5 jackals
  2 quokkas
  3 frilled lizards
  3 kobolds
  A leopard gecko zombie (D:7)
  A quokka zombie (D:5)
  A rat (D:2)
  2 fungi
272 creatures vanquished.

Vanquished Creatures (others)
  Nessos (Lair:4)
  A goblin zombie (D:6)
  A kobold zombie (D:6)
  5 fungi
8 creatures vanquished.

Grand Total: 280 creatures vanquished

Notes
Turn   | Place    | Note
-------+----------+-------------------------------------------
     0 | D:1      | tidbits the Gnoll Wanderer began the quest for the Orb.
     0 | D:1      | tidbits set off with the following items: a +2 short sword,
                  | a potion of curing, a +0 robe, a +0 dagger, a ration; and
                  | the following spell memorised: Shock; and the following
                  | spells available to memorise: Static Discharge
     0 | D:1      | Reached XP level 1. HP: 13/13 MP: 1/1
   180 | D:1      | Reached XP level 2. HP: 7/19 MP: 2/2
   311 | D:3      | Reached XP level 3. HP: 20/25 MP: 0/3
   462 | D:4      | Noticed a phantom
   489 | D:4      | Killed a phantom
   489 | D:4      | Reached skill level 1 in Fighting
   489 | D:4      | Reached skill level 1 in Long Blades
   489 | D:4      | Reached skill level 1 in Axes
   489 | D:4      | Reached skill level 1 in Maces & Flails
   489 | D:4      | Reached skill level 1 in Polearms
   489 | D:4      | Reached skill level 1 in Staves
   489 | D:4      | Reached skill level 1 in Slings
   489 | D:4      | Reached skill level 1 in Bows
   489 | D:4      | Reached skill level 1 in Crossbows
   489 | D:4      | Reached skill level 1 in Armour
   489 | D:4      | Reached skill level 1 in Shields
   489 | D:4      | Reached skill level 1 in Unarmed Combat
   489 | D:4      | Reached skill level 1 in Spellcasting
   489 | D:4      | Reached skill level 1 in Conjurations
   489 | D:4      | Reached skill level 1 in Hexes
   489 | D:4      | Reached skill level 1 in Charms
   489 | D:4      | Reached skill level 1 in Summonings
   489 | D:4      | Reached skill level 1 in Necromancy
   489 | D:4      | Reached skill level 1 in Translocations
   489 | D:4      | Reached skill level 1 in Transmutations
   489 | D:4      | Reached skill level 1 in Fire Magic
   489 | D:4      | Reached skill level 1 in Ice Magic
   489 | D:4      | Reached skill level 1 in Earth Magic
   489 | D:4      | Reached skill level 1 in Poison Magic
   489 | D:4      | Reached skill level 1 in Invocations
   489 | D:4      | Reached skill level 1 in Evocations
   489 | D:4      | Reached XP level 4. HP: 23/32 MP: 0/5
   489 | D:4      | Reached XP level 5. HP: 27/37 MP: 0/6
   490 | D:4      | Found a staircase to the Ecumenical Temple.
   503 | Temple   | Entered the Ecumenical Temple
   525 | Temple   | Became a worshipper of Cheibriados the Contemplative
   550 | Temple   | Learned a level 3 spell: Static Discharge
   581 | D:3      | HP: 7/37 [poisoned by a worker ant]
   619 | D:3      | Reached skill level 3 in Short Blades
   619 | D:3      | Reached skill level 3 in Throwing
   619 | D:3      | Reached skill level 3 in Dodging
   712 | D:3      | HP: 7/37 [poisoned by a worker ant]
   719 | D:3      | HP: 7/37 [poisoned by a worker ant]
   763 | D:3      | Found an iron altar of Okawaru.
   975 | D:4      | Reached * piety under Cheibriados
   975 | D:4      | Reached XP level 6. HP: 44/44 MP: 4/8
  1103 | D:4      | Reached skill level 2 in Invocations
  1142 | D:5      | Entered Level 5 of the Dungeon
  1142 | D:5      | Found Peso's Magic Scroll Shoppe.
  1144 | D:5      | Bought a scroll of magic mapping for 38 gold pieces
  1153 | D:4      | Reached skill level 2 in Fighting
  1153 | D:4      | Reached skill level 2 in Long Blades
  1153 | D:4      | Reached skill level 2 in Axes
  1153 | D:4      | Reached skill level 2 in Maces & Flails
  1153 | D:4      | Reached skill level 2 in Polearms
  1153 | D:4      | Reached skill level 2 in Staves
  1153 | D:4      | Reached skill level 2 in Slings
  1153 | D:4      | Reached skill level 2 in Bows
  1153 | D:4      | Reached skill level 2 in Crossbows
  1153 | D:4      | Reached skill level 2 in Armour
  1153 | D:4      | Reached skill level 2 in Shields
  1153 | D:4      | Reached skill level 2 in Unarmed Combat
  1153 | D:4      | Reached skill level 2 in Spellcasting
  1153 | D:4      | Reached skill level 2 in Evocations
  1218 | D:6      | Noticed a slave
  1250 | D:6      | Noticed a slave
  1252 | D:6      | Noticed Pikel
  1256 | D:6      | Noticed a slave
  1258 | D:6      | Killed a slave
  1258 | D:6      | Noticed a slave
  1265 | D:6      | HP: 7/44 [slave[Pikel] (5)]
  1266 | D:6      | Killed Pikel
  1266 | D:6      | Reached skill level 5 in Stealth
  1266 | D:6      | Reached skill level 2 in Conjurations
  1266 | D:6      | Reached skill level 2 in Hexes
  1266 | D:6      | Reached skill level 2 in Charms
  1266 | D:6      | Reached skill level 2 in Summonings
  1266 | D:6      | Reached skill level 2 in Necromancy
  1266 | D:6      | Reached skill level 2 in Translocations
  1266 | D:6      | Reached skill level 2 in Transmutations
  1266 | D:6      | Reached skill level 2 in Fire Magic
  1266 | D:6      | Reached skill level 2 in Ice Magic
  1266 | D:6      | Reached skill level 9 in Air Magic
  1266 | D:6      | Reached skill level 2 in Earth Magic
  1266 | D:6      | Reached skill level 2 in Poison Magic
  1266 | D:6      | Reached skill level 3 in Invocations
  1266 | D:6      | Reached XP level 7. HP: 8/51 MP: 2/11
  1343 | D:6      | Reached XP level 8. HP: 21/57 MP: 7/12
  1398 | D:5      | Found a hide-covered altar of Uskayaw.
  1405 | D:5      | Upgraded the game from 0.23-a0-831-g5da158a to
                  | 0.23-a0-837-ga3e6480
  1523 | D:7      | Found a glowing silver altar of Zin.
  1543 | D:7      | Noticed a hippogriff
  1555 | D:7      | Reached skill level 4 in Short Blades
  1555 | D:7      | Reached skill level 4 in Throwing
  1555 | D:7      | Reached skill level 4 in Dodging
  1586 | D:7      | Killed a hippogriff
  1586 | D:7      | Reached skill level 3 in Fighting
  1586 | D:7      | Reached skill level 3 in Long Blades
  1586 | D:7      | Reached skill level 3 in Axes
  1586 | D:7      | Reached skill level 3 in Maces & Flails
  1586 | D:7      | Reached skill level 3 in Polearms
  1586 | D:7      | Reached skill level 3 in Staves
  1586 | D:7      | Reached skill level 3 in Slings
  1586 | D:7      | Reached skill level 3 in Bows
  1586 | D:7      | Reached skill level 3 in Crossbows
  1586 | D:7      | Reached skill level 3 in Armour
  1586 | D:7      | Reached skill level 3 in Shields
  1586 | D:7      | Reached skill level 3 in Unarmed Combat
  1586 | D:7      | Reached skill level 3 in Spellcasting
  1586 | D:7      | Reached skill level 3 in Evocations
  1598 | D:7      | Learned a level 3 spell: Conjure Flame
  1633 | D:8      | Noticed a wyvern
  1644 | D:8      | Killed a wyvern
  1701 | D:7      | Reached ** piety under Cheibriados
  1754 | D:7      | Reached skill level 4 in Invocations
  1769 | D:7      | Reached skill level 3 in Conjurations
  1769 | D:7      | Reached skill level 3 in Hexes
  1769 | D:7      | Reached skill level 3 in Charms
  1769 | D:7      | Reached skill level 3 in Summonings
  1769 | D:7      | Reached skill level 3 in Necromancy
  1769 | D:7      | Reached skill level 3 in Translocations
  1769 | D:7      | Reached skill level 3 in Transmutations
  1769 | D:7      | Reached skill level 3 in Fire Magic
  1769 | D:7      | Reached skill level 3 in Ice Magic
  1769 | D:7      | Reached skill level 3 in Earth Magic
  1769 | D:7      | Reached skill level 3 in Poison Magic
  1784 | D:7      | Reached XP level 9. HP: 33/65 MP: 8/14
  1867 | D:7      | Found a deep blue altar of Sif Muna.
  1922 | D:8      | Found a burning altar of Makhleb.
  1984 | D:8      | Reached skill level 4 in Fighting
  1984 | D:8      | Reached skill level 4 in Long Blades
  1984 | D:8      | Reached skill level 4 in Axes
  1984 | D:8      | Reached skill level 4 in Maces & Flails
  1984 | D:8      | Reached skill level 4 in Polearms
  1984 | D:8      | Reached skill level 4 in Staves
  1984 | D:8      | Reached skill level 4 in Slings
  1984 | D:8      | Reached skill level 4 in Bows
  1984 | D:8      | Reached skill level 4 in Crossbows
  1984 | D:8      | Reached skill level 4 in Armour
  1984 | D:8      | Reached skill level 4 in Shields
  1984 | D:8      | Reached skill level 4 in Unarmed Combat
  1984 | D:8      | Reached skill level 4 in Spellcasting
  1984 | D:8      | Reached skill level 4 in Evocations
  1992 | D:8      | Reached *** piety under Cheibriados
  2018 | D:8      | Found a roughly hewn altar of Beogh.
  2100 | D:10     | Entered Level 10 of the Dungeon
  2123 | D:9      | Reached skill level 5 in Short Blades
  2123 | D:9      | Reached skill level 5 in Throwing
  2123 | D:9      | Reached skill level 5 in Dodging
  2123 | D:9      | Reached skill level 6 in Stealth
  2201 | D:9      | Reached **** piety under Cheibriados
  2281 | D:9      | Noticed Maurice
  2291 | D:9      | Reached skill level 5 in Invocations
  2309 | D:9      | Killed Maurice
  2309 | D:9      | Reached XP level 10. HP: 57/73 MP: 4/17
  2330 | D:9      | Found a staircase to the Lair.
  2341 | Lair:1   | Entered Level 1 of the Lair of Beasts
  2371 | Lair:1   | Reached skill level 4 in Conjurations
  2371 | Lair:1   | Reached skill level 4 in Hexes
  2371 | Lair:1   | Reached skill level 4 in Charms
  2371 | Lair:1   | Reached skill level 4 in Summonings
  2371 | Lair:1   | Reached skill level 4 in Necromancy
  2371 | Lair:1   | Reached skill level 4 in Translocations
  2371 | Lair:1   | Reached skill level 4 in Transmutations
  2371 | Lair:1   | Reached skill level 4 in Fire Magic
  2371 | Lair:1   | Reached skill level 4 in Ice Magic
  2371 | Lair:1   | Reached skill level 4 in Earth Magic
  2371 | Lair:1   | Reached skill level 4 in Poison Magic
  2377 | Lair:1   | Reached skill level 5 in Fighting
  2377 | Lair:1   | Reached skill level 5 in Long Blades
  2377 | Lair:1   | Reached skill level 5 in Axes
  2377 | Lair:1   | Reached skill level 5 in Maces & Flails
  2377 | Lair:1   | Reached skill level 5 in Polearms
  2377 | Lair:1   | Reached skill level 5 in Staves
  2377 | Lair:1   | Reached skill level 5 in Slings
  2377 | Lair:1   | Reached skill level 5 in Bows
  2377 | Lair:1   | Reached skill level 5 in Crossbows
  2377 | Lair:1   | Reached skill level 5 in Armour
  2377 | Lair:1   | Reached skill level 5 in Shields
  2377 | Lair:1   | Reached skill level 5 in Unarmed Combat
  2377 | Lair:1   | Reached skill level 5 in Spellcasting
  2377 | Lair:1   | Reached skill level 5 in Evocations
  2397 | Lair:1   | Found a transporter.
  2521 | Lair:2   | Noticed a spiny frog
  2527 | Lair:2   | Killed a spiny frog
  2557 | Lair:3   | Reached skill level 6 in Short Blades
  2557 | Lair:3   | Reached skill level 6 in Throwing
  2557 | Lair:3   | Reached skill level 6 in Dodging
  2576 | Lair:2   | Noticed a spiny frog
  2582 | Lair:2   | Killed a spiny frog
  2582 | Lair:2   | Reached skill level 6 in Invocations
  2613 | Lair:2   | Reached skill level 7 in Stealth
  2640 | Lair:2   | Noticed a four-headed hydra
  2653 | Lair:2   | Killed a four-headed hydra
  2653 | Lair:2   | Reached skill level 10 in Air Magic
  2662 | Lair:2   | Got a scorched long sword
  2663 | Lair:2   | Identified the +5 long sword "Puxy" {pain, Int+5 Dex+4}
                  | (You found it on level 2 of the Lair of Beasts)
  2683 | Lair:2   | Reached XP level 11. HP: 52/81 MP: 19/19
  2799 | Lair:3   | You fall through a shaft for 2 floors!
  2839 | Lair:5   | Reached skill level 6 in Fighting
  2839 | Lair:5   | Reached skill level 6 in Long Blades
  2839 | Lair:5   | Reached skill level 6 in Axes
  2839 | Lair:5   | Reached skill level 6 in Maces & Flails
  2839 | Lair:5   | Reached skill level 6 in Polearms
  2839 | Lair:5   | Reached skill level 6 in Staves
  2839 | Lair:5   | Reached skill level 6 in Slings
  2839 | Lair:5   | Reached skill level 6 in Bows
  2839 | Lair:5   | Reached skill level 6 in Crossbows
  2839 | Lair:5   | Reached skill level 6 in Armour
  2839 | Lair:5   | Reached skill level 6 in Shields
  2839 | Lair:5   | Reached skill level 6 in Unarmed Combat
  2839 | Lair:5   | Reached skill level 6 in Spellcasting
  2839 | Lair:5   | Reached skill level 6 in Evocations
  2845 | Lair:5   | Reached skill level 5 in Conjurations
  2845 | Lair:5   | Reached skill level 5 in Hexes
  2845 | Lair:5   | Reached skill level 5 in Charms
  2845 | Lair:5   | Reached skill level 5 in Summonings
  2845 | Lair:5   | Reached skill level 5 in Necromancy
  2845 | Lair:5   | Reached skill level 5 in Translocations
  2845 | Lair:5   | Reached skill level 5 in Transmutations
  2845 | Lair:5   | Reached skill level 5 in Fire Magic
  2845 | Lair:5   | Reached skill level 5 in Ice Magic
  2845 | Lair:5   | Reached skill level 5 in Earth Magic
  2845 | Lair:5   | Reached skill level 5 in Poison Magic
  2890 | Lair:6   | Entered Level 6 of the Lair of Beasts
  2916 | Lair:5   | Noticed a death yak
  2929 | Lair:4   | Reached ***** piety under Cheibriados
  2954 | Lair:4   | HP: 15/81 [porcupine's spines (11)]
  2959 | Lair:4   | HP: 15/81 [poisoned by a black mamba]
  3094 | Lair:3   | Learned a level 4 spell: Sticky Flame
  3120 | Lair:3   | Found a runed door.
  3121 | Lair:3   | Noticed Plog's ghost (journeyman MiBe)
  3254 | Lair:6   | Noticed a spriggan rider
  3262 | Lair:6   | Killed a spriggan rider
  3262 | Lair:6   | Reached skill level 7 in Short Blades
  3262 | Lair:6   | Reached skill level 7 in Throwing
  3262 | Lair:6   | Reached skill level 7 in Dodging
  3262 | Lair:6   | Reached skill level 7 in Invocations
  3321 | Lair:6   | Noticed a spriggan rider
  3323 | Lair:6   | Noticed a seven-headed hydra
  3325 | Lair:6   | HP: 10/83 [spriggan rider/+0 spear (18)]
  3327 | Lair:6   | Reached skill level 8 in Stealth
  3341 | Lair:6   | Reached XP level 12. HP: 37/89 MP: 7/22
  3540 | Lair:6   | Reached skill level 7 in Fighting
  3540 | Lair:6   | Reached skill level 7 in Long Blades
  3540 | Lair:6   | Reached skill level 7 in Axes
  3540 | Lair:6   | Reached skill level 7 in Maces & Flails
  3540 | Lair:6   | Reached skill level 7 in Polearms
  3540 | Lair:6   | Reached skill level 7 in Staves
  3540 | Lair:6   | Reached skill level 7 in Slings
  3540 | Lair:6   | Reached skill level 7 in Bows
  3540 | Lair:6   | Reached skill level 7 in Crossbows
  3540 | Lair:6   | Reached skill level 7 in Armour
  3540 | Lair:6   | Reached skill level 7 in Shields
  3540 | Lair:6   | Reached skill level 7 in Unarmed Combat
  3540 | Lair:6   | Reached skill level 7 in Spellcasting
  3540 | Lair:6   | Reached skill level 7 in Evocations
  3698 | Lair:6   | Got a bloodstained quarterstaff
  3705 | Lair:6   | Identified the +9 quarterstaff "Paovapn" {crush, MR+} (You
                  | found it on level 6 of the Lair of Beasts)
  3757 | Lair:6   | Noticed a catoblepas
  3766 | Lair:6   | Killed a seven-headed hydra
  3766 | Lair:6   | Reached skill level 6 in Conjurations
  3766 | Lair:6   | Reached skill level 6 in Hexes
  3766 | Lair:6   | Reached skill level 6 in Charms
  3766 | Lair:6   | Reached skill level 6 in Summonings
  3766 | Lair:6   | Reached skill level 6 in Necromancy
  3766 | Lair:6   | Reached skill level 6 in Translocations
  3766 | Lair:6   | Reached skill level 6 in Transmutations
  3766 | Lair:6   | Reached skill level 6 in Fire Magic
  3766 | Lair:6   | Reached skill level 6 in Ice Magic
  3766 | Lair:6   | Reached skill level 6 in Earth Magic
  3766 | Lair:6   | Reached skill level 6 in Poison Magic
  3768 | Lair:6   | Reached skill level 8 in Invocations
  3847 | Lair:6   | Reached ****** piety under Cheibriados
  3928 | Lair:5   | Reached skill level 8 in Short Blades
  3928 | Lair:5   | Reached skill level 8 in Throwing
  3928 | Lair:5   | Reached skill level 8 in Dodging
  3986 | Lair:5   | Killed a death yak
  4042 | Lair:4   | Noticed Nessos
  4048 | Lair:4   | Killed Nessos
  4048 | Lair:4   | Reached XP level 13. HP: 69/98 MP: 19/24
  4151 | Lair:4   | Found a staircase to the Swamp.
  4157 | Swamp:1  | Entered Level 1 of the Swamp
  4168 | Lair:4   | Learned a level 5 spell: Fireball
  4180 | Lair:4   | Reached skill level 9 in Stealth
  4197 | Swamp:1  | HP: 15/98 [alligator (9)]
  4198 | Swamp:1  | Reached skill level 8 in Fighting
  4198 | Swamp:1  | Reached skill level 8 in Long Blades
  4198 | Swamp:1  | Reached skill level 8 in Axes
  4198 | Swamp:1  | Reached skill level 8 in Maces & Flails
  4198 | Swamp:1  | Reached skill level 8 in Polearms
  4198 | Swamp:1  | Reached skill level 8 in Staves
  4198 | Swamp:1  | Reached skill level 8 in Slings
  4198 | Swamp:1  | Reached skill level 8 in Bows
  4198 | Swamp:1  | Reached skill level 8 in Crossbows
  4198 | Swamp:1  | Reached skill level 8 in Armour
  4198 | Swamp:1  | Reached skill level 8 in Shields
  4198 | Swamp:1  | Reached skill level 8 in Unarmed Combat
  4198 | Swamp:1  | Reached skill level 8 in Spellcasting
  4198 | Swamp:1  | Reached skill level 8 in Evocations
  4269 | Swamp:1  | HP: 13/98 [bog body (8)]
  4366 | Swamp:1  | Noticed a green very ugly thing
  4413 | Swamp:1  | Killed a green very ugly thing
  4413 | Swamp:1  | Reached skill level 11 in Air Magic
  4452 | Swamp:1  | Reached skill level 9 in Invocations
  4456 | Swamp:1  | HP: 18/98 [vampire mosquito (4)]
  4461 | Swamp:1  | HP: 18/98 [poisoned by a spiny frog]
  4490 | Swamp:1  | HP: 19/98 [swamp dragon (7)]
  4494 | Swamp:1  | HP: 9/98 [poisoned by a swamp dragon (poison gas)]
  4495 | Swamp:1  | Quit the game

Vault maps used:
D:1:      psy_arrival_terrarium
D:2:      kb_forest_paths
D:3:      lemuel_crystal_altar, first_ration
D:4:      minmay_temple_entry_mist, gammafunk_ghost_smash,
          hangedman_decor_slide_cut, corexii_leaking_fountain,
          minmay_misc_feat_rows
D:5:      lemuel_round_altar, kennysheep_little_box, basic_altar, serial_shops,
          shop, uniq_eustachio
D:6:      dk_yredelemnul_ordeal, uniq_pikel
D:7:      basic_altar, led_sif_book, uniq_duvessa, uniq_joseph
D:8:      nicolae_overflow_crystal_walls, serial_shops, kennysheep_mini_moat,
          special_room
D:9:      lair_entry_dummy, hangedman_little_slice_of_home, guppyfry_shop_venom,
          uniq_maurice
Temple:   regret_index_temple_mists
Lair:1:   gammafunk_ghost_hive, grunt_forest_large_clearings
Lair:2:   chequers_serial_rivers_room_a, chequers_serial_rivers_micro_c
Lair:3:   regret_index_harrowing_hell_hive, spider_nest_entry_funnel_web,
          ebering_ghost_reflecting_pool
Lair:4:   minmay_swamp_entry_worms, uniq_nessos
Lair:5:   minmay_slime_entry_pillars, uniq_urug
Lair:6:   minmay_lair_end_enchanted_forest
Swamp:1:  nicolae_swamp_round_clearing, swamp_pool4,
          nicolae_swamp_feature_on_the_river_bank, uniq_louise

Skill      XL: |  1  2  3  4  5  6  7  8  9 10 11 12 13 |
---------------+----------------------------------------+-----
Fighting       | 1 2 3 4 5 6 7 8 |  8.2
Long Blades    | 1 2 3 4 5 6 7 8 |  8.2
Axes           | 1 2 3 4 5 6 7 8 |  8.2
Maces & Flails | 1 2 3 4 5 6 7 8 |  8.2
Polearms       | 1 2 3 4 5 6 7 8 |  8.2
Staves         | 1 2 3 4 5 6 7 8 |  8.2
Slings         | 1 2 3 4 5 6 7 8 |  8.2
Bows           | 1 2 3 4 5 6 7 8 |  8.2
Crossbows      | 1 2 3 4 5 6 7 8 |  8.2
Armour         | 1 2 3 4 5 6 7 8 |  8.2
Shields        | 1 2 3 4 5 6 7 8 |  8.2
Unarmed Combat | 1 2 3 4 5 6 7 8 |  8.2
Spellcasting   | 1 2 3 4 5 6 7 8 |  8.2
Conjurations   | 1 2 3 4 5 6 |  6.8
Hexes          | 1 2 3 4 5 6 |  6.8
Charms         | 1 2 3 4 5 6 |  6.8
Summonings     | 1 2 3 4 5 6 |  6.8
Necromancy     | 1 2 3 4 5 6 |  6.8
Translocations | 1 2 3 4 5 6 |  6.8
Transmutations | 1 2 3 4 5 6 |  6.8
Fire Magic     | 1 2 3 4 5 6 |  6.8
Ice Magic      | 1 2 3 4 5 6 |  6.8
Earth Magic    | 1 2 3 4 5 6 |  6.8
Poison Magic   | 1 2 3 4 5 6 |  6.8
Invocations    | 1 3 4 5 6 7 8 9 |  9.0
Evocations     | 1 2 3 4 5 6 7 8 |  8.2
Short Blades   | 3 4 5 6 7 8 |  8.7
Throwing       | 3 4 5 6 7 8 |  8.7
Dodging        | 3 4 5 6 7 8 |  8.7
Stealth        | 5 6 7 8 9 |  9.3
Air Magic      | 9 10 11 | 11.0

Action                   |  1- 3 |  4- 6 |  7- 9 | 10-12 | 13-15 || total
-------------------------+-------+-------+-------+-------+-------++-------
Melee: Short sword       |    20 |    16 |    10 |       |       ||    46
       Dagger            |       |    30 |   110 |    51 |     2 ||   193
       Bite              |       |     3 |    21 |    45 |    15 ||    84
       Punch             |       |     1 |     2 |     6 |       ||     9
       Trident           |       |       |    22 |    80 |     9 ||   111
       Broad axe         |       |       |     4 |     2 |       ||     6
       Long sword        |       |       |       |   116 |    45 ||   161
 Fire: Hunting sling     |    15 |     2 |    23 |       |     1 ||    41
Throw: Tomahawk          |     4 |     3 |    24 |    23 |     7 ||    61
       Javelin           |       |       |     7 |    32 |       ||    39
 Cast: Shock             |    13 |    40 |    45 |    20 |       ||   118
       Static Discharge  |       |     2 |     3 |     6 |     1 ||    12
       Conjure Flame     |       |       |     6 |    37 |     6 ||    49
       Sticky Flame      |       |       |       |    16 |    12 ||    28
       Fireball          |       |       |       |       |     2 ||     2
Invok: Slouch            |       |       |       |     2 |     1 ||     3
Evoke: Wand              |       |       |       |    12 |    24 ||    36
  Use: Potion            |       |     5 |     2 |     1 |     6 ||    14
       Scroll            |       |     6 |     2 |    10 |       ||    18
 Stab: Sleeping          |     5 |       |     7 |    15 |     1 ||    28
       Petrified         |       |       |       |     3 |       ||     3
       Distracted        |       |       |       |       |     1 ||     1
  Eat: Ration            |       |     2 |     1 |     1 |       ||     4
Armor: Robe              |     9 |       |       |       |       ||     9
       Ring mail         |       |    15 |    50 |    65 |    18 ||   148
Dodge: Dodged            |    20 |    49 |   122 |   170 |    53 ||   414
Block: Other             |       |       |     4 |    11 |       ||    15
       Buckler           |       |       |       |    47 |    41 ||    88
       Reflection        |       |       |       |     1 |     2 ||     3
       Rpst.: Long sword |       |       |       |    32 |     6 ||    38

Table legend:
 A = Non-vault XP
 B = Vault XP
 C = Vault XP percentage of total XP
 D = Non-vault monster count
 E = Vault monster count
 F = Vault count percentage of total count
                 A         B        C        D         E       F
            +---------+---------+-------+---------+---------+-------
      Total |   32003 |   11475 |  26.4 |     198 |      72 |  26.7
            +---------+---------+-------+---------+---------+-------
        D:1 |       6 |       0 |   0.0 |       3 |       0 |   0.0
        D:2 |       6 |      15 |  71.4 |       5 |       2 |  28.6
        D:3 |     174 |       0 |   0.0 |      28 |       0 |   0.0
        D:4 |     281 |       0 |   0.0 |       4 |       0 |   0.0
        D:5 |       4 |       0 |   0.0 |       3 |       0 |   0.0
        D:6 |     161 |     663 |  80.5 |       7 |       1 |  12.5
        D:7 |     947 |       0 |   0.0 |      16 |       0 |   0.0
        D:8 |     707 |     218 |  23.6 |       7 |      18 |  72.0
        D:9 |     835 |     634 |  43.2 |      11 |       9 |  45.0
       D:10 |      13 |       0 |   0.0 |       1 |       0 |   0.0
     Lair:1 |    1260 |       0 |   0.0 |       7 |       0 |   0.0
     Lair:2 |    2527 |       0 |   0.0 |       9 |       0 |   0.0
     Lair:3 |    1759 |       0 |   0.0 |      13 |       0 |   0.0
     Lair:4 |    4316 |    1656 |  27.7 |      21 |       3 |  12.5
     Lair:5 |    5965 |       0 |   0.0 |      24 |       0 |   0.0
     Lair:6 |    4562 |    8289 |  64.5 |      15 |      39 |  72.2
    Swamp:1 |    8480 |       0 |   0.0 |      24 |       0 |   0.0
            +---------+---------+-------+---------+---------+-------

Table legend:
 A = Turns spent in this place as a percentage of turns spent in the entire game.
 B = Non-inter-level travel turns spent in this place as a percentage of non-inter-level travel turns spent in the entire game.
 C = Inter-level travel turns spent in this place as a percentage of turns spent in this place.
 D = Turns resting spent in this place as a percentage of non-inter-level travel turns spent in this place.
 E = Turns spent auto-exploring this place as a percentage of non-inter-level travel turns spent in this place.
 F = Non-inter-level travel turns spent in this place divided by the number of levels of this place that you've seen.
                   A       B       C       D       E      F
               +-------+-------+-------+-------+-------+----------------------
         Total | 100.0 | 100.0 |   1.9 |   0.0 |   0.0 | 245.1
       Dungeon |  50.7 |  50.1 |   3.2 |   0.0 |   0.0 | 220.8
        Temple |   1.3 |   1.4 |   0.0 |   0.0 |   0.0 |  60.0
          Lair |  41.0 |  41.5 |   0.6 |   0.0 |   0.0 | 305.0
         Swamp |   7.0 |   7.1 |   0.0 |   0.0 |   0.0 | 313.0
               +-------+-------+-------+-------+-------+----------------------

Table legend:
 A = Kills in this place as a percentage of kills in entire the game.
 B = Kills by you in this place as a percentage of kills by you in the entire game.
 C = Kills by friends in this place as a percentage of kills by friends in the entire game.
 D = Other kills in this place as a percentage of other kills in the entire game.
 E = Experience gained in this place as a percentage of experience gained in the entire game.
 F = Experience gained in this place divided by the number of levels of this place that you have seen.
                   A       B       C       D       E      F
               +-------+-------+-------+-------+-------+----------------------
         Total | 100.0 | 100.0 |   N/A | 100.0 | 100.0 | 2415.4
       Dungeon |  42.6 |  42.8 |   N/A |   0.0 |  10.7 | 466.4
          Lair |  48.5 |  48.3 |   N/A | 100.0 |  69.8 | 5055.7
         Swamp |   8.9 |   8.9 |   N/A |   0.0 |  19.5 | 8480.0
               +-------+-------+-------+-------+-------+----------------------

Vault maps used:
D:1:      psy_arrival_terrarium
D:2:      kb_forest_paths
D:3:      lemuel_crystal_altar, first_ration
D:4:      minmay_temple_entry_mist, gammafunk_ghost_smash,
          hangedman_decor_slide_cut, corexii_leaking_fountain,
          minmay_misc_feat_rows
D:5:      lemuel_round_altar, kennysheep_little_box, basic_altar, serial_shops,
          shop, uniq_eustachio
D:6:      dk_yredelemnul_ordeal, uniq_pikel
D:7:      basic_altar, led_sif_book, uniq_duvessa, uniq_joseph
D:8:      nicolae_overflow_crystal_walls, serial_shops, kennysheep_mini_moat,
          special_room
D:9:      lair_entry_dummy, hangedman_little_slice_of_home, guppyfry_shop_venom,
          uniq_maurice
Temple:   regret_index_temple_mists
Lair:1:   gammafunk_ghost_hive, grunt_forest_large_clearings
Lair:2:   chequers_serial_rivers_room_a, chequers_serial_rivers_micro_c
Lair:3:   regret_index_harrowing_hell_hive, spider_nest_entry_funnel_web,
          ebering_ghost_reflecting_pool
Lair:4:   minmay_swamp_entry_worms, uniq_nessos
Lair:5:   minmay_slime_entry_pillars, uniq_urug
Lair:6:   minmay_lair_end_enchanted_forest
Swamp:1:  nicolae_swamp_round_clearing, swamp_pool4,
          nicolae_swamp_feature_on_the_river_bank, uniq_louise
